 Dungeon Crawl Stone Soup version 0.30-a0-578-gdee14c521f (webtiles) character file.

Game seed: 8707118732471082930

1590 scionoferis the Ruffian (level 8, 0/71 HPs)
             Began as a White Draconian Monk on Dec 31, 2022.
             Was a Priest of Wu Jian.
             Killed from afar by an acid dragon (25 damage)
             ... with a splash of acid
             ... on level 6 of the Dungeon.
             The game lasted 00:17:29 (5769 turns).

scionoferis the Ruffian (White Draconian Monk)      Turns: 5769, Time: 00:17:30

Health: 0/71       AC:  6    Str: 15    XL:     8   Next: 61%
Magic:  8/8        EV: 15    Int: 11    God:    Wu Jian [***...]
Gold:   33         SH:  5    Dex: 19    Spells: 7/7 levels left

rFire   . . .      SeeInvis .      - Unarmed
rCold   + . .      Faith    .    (no shield)
rNeg    . . .      Spirit   .    (body armour unavailable)
rPois   +          Reflect  +    (helmet restricted)
rElec   .          Harm     .    n - +0 cloak
rCorr   .          Rampage  .    F - +1 pair of gloves
Will    .....                    t - +0 pair of boots
Stlth   ++++                     s - amulet "Ameathun" {Reflect rPois Dex+5 SH+5 Stlth+}
HPRegen 0.31/turn                (no ring)
MPRegen 0.11/turn                (no ring)

@: corroded
A: breathe frost, AC +6, unfitting armour, cold resistance 1, cold-blooded
a: Breathe Frost, Renounce Religion, Wall Jump, Serpent's Lash


You were on level 6 of the Dungeon.
You worshipped Wu Jian.
Wu Jian was most pleased with you.
You visited 2 branches of the dungeon, and saw 7 of its levels.
You also visited: Sewer.

You collected 273 gold pieces.
You spent 240 gold pieces at shops.


Innate Abilities, Weirdness & Mutations

You can breathe waves of freezing cold which knock back foes.
Your icy white scales are hard. (AC +6)
You cannot fit into any form of body armour.
Your flesh is cold resistant. (rC+)
You are cold-blooded and may be slowed by cold attacks.


   Skills:
 + Level 6.4 Fighting
 + Level 5.4 Dodging
 - Level 4.0 Stealth
 * Level 7.9 Unarmed Combat


You had 7 spell levels left.
You didn't know any spells.
Your spell library contained the following spells:

 Spells                   Type           Power      Damage    Failure   Level
 Sandblast                Erth           0%         2d4       34%         1
 Ensorcelled Hibernation  Hex/Ice        0%         N/A       47%         2
 Passwall                 Tmut/Erth      0%         N/A       47%         2
 Stone Arrow              Conj/Erth      0%         3d7       71%         3
 Swiftness                Air            0%         N/A       71%         3
 Fireball                 Conj/Fire      0%         3d3       100%        5
 Iskenderun's Battlesphe  Conj           0%         2d6       100%        5
 Conjure Ball Lightning   Conj/Air       0%         3x3d7     100%        6
 Orb of Destruction       Conj           0%         9d5       100%        7

Inventory:

Hand Weapons
 b - a +0 shortbow
   (You took it off a centaur on level 5 of the Dungeon)
Missiles
 i - 4 boomerangs
 j - 10 poisoned darts (quivered)
 z - 2 throwing nets
Armour
 n - a +0 cloak (worn)
   (You found it on level 2 of the Dungeon)
 t - a +0 pair of boots (worn)
   (You found it on level 3 of the Dungeon)
 F - a +1 pair of gloves (worn)
   (You found it on level 6 of the Dungeon)
Jewellery
 s - the amulet "Ameathun" (around neck) {Reflect rPois Dex+5 SH+5 Stlth+}
   (You bought it in a shop on level 1 of the Dungeon)

   [amulet of reflection]

   It reflects blocked missile attacks.
   Dex:       It affects your dexterity (+5).
   rPois:     It protects you from poison.
   SH:        It affects your SH (+5).
   Stlth:     It makes you more stealthy.
 v - a ring of fire
   (You found it on level 4 of the Dungeon)
 x - an amulet of guardian spirit
   (You found it on level 4 of the Dungeon)
Wands
 w - a wand of roots (13)
   (You took it off Robin on level 4 of the Dungeon)
 D - a wand of flame (14)
   (You found it on level 5 of the Dungeon)
Scrolls
 c - a scroll of butterflies {unknown}
 d - 3 scrolls of amnesia {unknown}
 e - 6 scrolls of teleportation {unknown}
 l - 2 scrolls of enchant weapon {unknown}
 p - 3 scrolls of magic mapping {unknown}
 r - 2 scrolls of fog {unknown}
 y - a scroll of vulnerability {unknown}
 A - 2 scrolls of enchant armour {unknown}
 E - 6 scrolls of identify {unknown}
Potions
 a - 2 potions of ambrosia
 f - 5 potions of lignification {unknown}
 g - 2 potions of cancellation {unknown}
 h - 2 potions of mutation {unknown}
 k - a potion of might {unknown}
 m - 2 potions of invisibility {unknown}
 o - 2 potions of curing
 q - 4 potions of heal wounds
 u - a potion of magic {unknown}
 B - a potion of haste {unknown}
 C - a potion of berserk rage {unknown}
 G - 2 potions of attraction {unknown}

Dungeon Overview and Level Annotations

Branches:
Dungeon (6/15)             Temple (1/1) D:4           Sewer (visited)

Altars:
Cheibriados
Dithmenos
Elyvilon
Fedhas
Hepliaklqana
Kikubaaqudgha
Makhleb
Nemelex Xobeh
Okawaru
Qazlal
Ru
Sif Muna
Trog
Uskayaw
Vehumet
Wu Jian
Xom
Zin
The Shining One

Shops:
D:1 *   D:3 =   D:4 *   D:5 *

Annotations:
D:3 Grinder

###...........###..#..
#............## #.....
#......#.#>.#####..#..
##..?.##)##.#..#...#..
###...#.....#.........
#...#.................
####.#.......#.........
#..........####..##....
#...##@...## #...#....
......(D5#### ##......#.
..####.?.####.#..######.
. .............# ###.
#..##.........###... ##.
.....###.....## .. .....
##...##. ## ..##.
#.#.#### .# #.#.## #


You could see an acid dragon (catching breath) and an ufetubus.


Message History

You barely miss the gnoll.
Your tail-slap misses the gnoll.
The gnoll closely misses you.
You closely miss the gnoll.
The gnoll sergeant hits you from afar with a +0 spear.
The gnoll barely misses you.
The gnoll sergeant hits you from afar with a +0 spear.
The gnoll hits you with a +0 spear.
Aiming: Breathe Frost (5% risk of failure)
Press: ? - help, Shift-Dir - straight line, f - gnoll
Aim: a gnoll, wielding a +0 spear (72% to hit)
You exhale a wave of freezing cold.
The freezing breath hits the gnoll sergeant!
The gnoll sergeant is moderately wounded.
The gnoll sergeant is blown backwards by the freezing wind.
The gnoll sergeant collides with the gnoll!
The gnoll is lightly wounded.
The freezing breath hits the gnoll!
The gnoll is severely wounded.
The gnoll is blown backwards by the freezing wind.
The gnoll slams into the rock wall!
You hear a shout!
Unknown command.
You lunge at the gnoll sergeant.
You barely miss the gnoll sergeant.
The gnoll sergeant is moderately wounded.
The gnoll hits you from afar with a +0 spear.
You hit the gnoll sergeant but do no damage.
The gnoll sergeant is moderately wounded.
The gnoll closely misses you. The gnoll sergeant closely misses you.
You barely miss the gnoll sergeant. You tail-slap the gnoll sergeant.
The gnoll sergeant is heavily wounded.
The gnoll sergeant hits you but does no damage.
The gnoll barely misses you. The gnoll closely misses you.
The gnoll sergeant hits you with a +0 spear.
You closely miss the gnoll sergeant.
The gnoll sergeant is heavily wounded.
You hear the brisk rusting of a very distant drain.
The gnoll barely misses you.
The gnoll sergeant completely misses you.
You sock the gnoll sergeant!
Your tail-slap misses the gnoll sergeant.
The gnoll sergeant is severely wounded.
The gnoll sergeant hits you with a +0 spear.
The gnoll hits you from afar with a +0 spear.
You hit the gnoll sergeant.
The gnoll sergeant is almost dead.
You block the gnoll's attack. The gnoll sergeant misses you. x2
You block the gnoll's attack.
You closely miss the gnoll sergeant.
You tail-slap the gnoll sergeant, but do no damage.
The gnoll sergeant is almost dead.
The gnoll sergeant hits you with a +0 spear.
The gnoll misses you.
You barely miss the gnoll sergeant.
The gnoll sergeant is almost dead.
The gnoll barely misses you.
The gnoll sergeant hits you with a +0 spear.
You closely miss the gnoll sergeant.
The gnoll sergeant is almost dead.
The gnoll sergeant completely misses you.
The gnoll completely misses you. You block the gnoll sergeant's attack.
The gnoll closely misses you.
You hit the gnoll sergeant but do no damage.
The gnoll sergeant is almost dead.
The gnoll hits you from afar with a +0 spear.
The gnoll sergeant hits you with a +0 spear.
* * * LOW HITPOINT WARNING * * *
You hit the gnoll sergeant.
You kill the gnoll sergeant!
The Council accepts your kill.
You have got your breath back.
The gnoll hits you from afar with a +0 spear.
* * * LOW HITPOINT WARNING * * *
You lunge at the gnoll.
You hit the gnoll.
You kill the gnoll!
The Council accepts your kill.
You hit the gnoll.
The gnoll is heavily wounded.
The gnoll barely misses you.
You hit the gnoll.
Your tail-slap misses the gnoll.
The gnoll is severely wounded.
The gnoll barely misses you. You block the gnoll's attack.
You hit the gnoll.
The gnoll is almost dead.
The gnoll barely misses you. The gnoll hits you but does no damage.
The gnoll hits you with a +0 whip.
* * * LOW HITPOINT WARNING * * *
You block the gnoll's attack.
You closely miss the gnoll.
The gnoll is almost dead.
The gnoll hits you but does no damage. You block the gnoll's attack.
You hit the gnoll.
You kill the gnoll!
The Council accepts your kill. The gnoll misses you.
You lunge at the gnoll.
You hit the gnoll.
The gnoll is moderately wounded.
The gnoll hits you but does no damage. x2
Items here: )) ††.
The gnoll misses you.
Okay, then.
Unknown command.
Unknown command.
You are confused.
You feel invigorated. The gnoll closely misses you.
The gnoll hits you with a +0 spear.
You bump into the rock wall.
The gnoll barely misses you.
You hit the gnoll.
The gnoll is heavily wounded.
You feel less invigorated.
You feel less confused. The gnoll hits you with a +0 spear.
You closely miss the gnoll.
The gnoll is heavily wounded.
You block the gnoll's attack. The gnoll hits you with a +0 spear.
You thump the gnoll!
You kill the gnoll!
The Council accepts your kill.
You closely miss the gnoll.
Your tail-slap misses the gnoll.
The gnoll misses you.
You hit the gnoll.
The gnoll is moderately wounded.
The gnoll barely misses you. The gnoll closely misses you.
The gnoll barely misses you. The gnoll closely misses you.
You hit the gnoll.
The gnoll is heavily wounded.
The gnoll completely misses you. The gnoll misses you.
You hit the gnoll.
The gnoll is almost dead.
You block the gnoll's attack. The gnoll hits you but does no damage.
You barely miss the gnoll.
The gnoll is almost dead.
You block the gnoll's attack. The gnoll misses you.
The gnoll barely misses you. The gnoll hits you with a +0 flail.
You sock the gnoll!
You kill the gnoll!
The Council accepts your kill. The gnoll barely misses you.
You lunge at the gnoll.
You hit the gnoll.
The gnoll is moderately wounded.
You block the gnoll's attack. The gnoll closely misses you.
Items here: ( )) †.
You closely miss the gnoll.
The gnoll is moderately wounded.
You block the gnoll's attack. The gnoll misses you.
You barely miss the gnoll.
The gnoll is moderately wounded.
The gnoll closely misses you.
The gnoll hits you from afar with a +0 spear.
You hit the gnoll but do no damage.
You tail-slap the gnoll, but do no damage.
The gnoll is moderately wounded.
The gnoll hits you from afar with a +0 spear.
The gnoll completely misses you. The gnoll misses you.
You block the gnoll's attack.
You barely miss the gnoll.
The gnoll is moderately wounded.
The gnoll completely misses you. The gnoll closely misses you.
You hit the gnoll.
The gnoll is almost dead.
The gnoll closely misses you. The gnoll hits you but does no damage.
You sock the gnoll!
You kill the gnoll!
The Council accepts your kill.
You hear the brisk rusting of a very distant drain.
You block the gnoll's attack. The gnoll misses you.
You lunge at the gnoll.
You hit the gnoll.
You tail-slap the gnoll, but do no damage.
The gnoll is lightly wounded.
The gnoll hits you with a +0 spear.
Items here: ( ))) ††.
You hit the gnoll.
The gnoll is lightly wounded.
The gnoll misses you.
You hit the gnoll.
You tail-slap the gnoll, but do no damage.
The gnoll is moderately wounded.
The gnoll barely misses you.
You hit the gnoll.
The gnoll is moderately wounded.
You block the gnoll's attack. The gnoll hits you with a +0 spear.
You hit the gnoll.
The gnoll is heavily wounded.
The gnoll hits you with a +0 spear.
You hit the gnoll but do no damage.
The gnoll is heavily wounded.
You block the gnoll's attack.
You sock the gnoll!
You kill the gnoll!
The Council accepts your kill.
You sock the gnoll!
The gnoll is heavily wounded.
The gnoll hits you with a +0 flail. x2
* * * LOW HITPOINT WARNING * * *
You closely miss the gnoll.
The gnoll is heavily wounded.
The gnoll completely misses you.
You hit the gnoll.
Your tail-slap misses the gnoll.
The gnoll is severely wounded.
You block the gnoll's attack.
You sock the gnoll!
You kill the gnoll!
The Council accepts your kill.
z - a throwing net
Things that are here:
a +0 flail; a +0 spear; a gnoll corpse
z - 2 throwing nets (gained 1)
Items here: ))) ††.
Things that are here:
a +0 flail; a +0 spear
Items here: ( ) [ †. 3 orcs come into view.
You hear the quick rusting of a distant drain.
A worm comes into view.
Found a fluorescent wand.
You lunge at the worm.
The helpless worm fails to defend itself.
You sock the worm!
The worm is heavily wounded.
You block the worm's attack.
You hit the worm.
The worm is heavily wounded.
The worm completely misses you.
You hit the worm.
The worm is almost dead.
The worm closely misses you.
You sock the worm!
You kill the worm!
The Council accepts your kill.
You see here a worm corpse.
A water moccasin comes into view.
An adder comes into view.
The adder hisses angrily.
You block the adder's attack.
You barely miss the adder.
Your tail-slap misses the adder.
The adder closely misses you.
You closely miss the adder. The adder closely misses you.
The adder barely misses you.
You miss the adder. The adder bites you but does no damage.
You block the adder's attack.
You sock the adder!
The adder is severely wounded.
The adder bites you but does no damage.
You thump the adder!
You kill the adder!
The Council accepts your kill.
You hear the quick rusting of a very distant drain.
Found a scroll labelled DODDUR QOELUT.
Found a stone staircase leading down.
A - a scroll labelled DODDUR QOELUT
Found a scroll labelled XENAVO NECHERU.
Found a glowing drain.
A worm comes into view.
You enter the shallow water.
Moving in this stuff is going to be slow. 2 worms come into view.
The worm closely misses you.
There is a glowing drain here.
The world spins around you as you enter the gateway.
You enter a sewer!
Found a gate leading back out of this place.
There is an empty arch of ancient stone here.
There is a gate leading back out of this place here.
You start resting.
HP restored.
You enter the shallow water.
Moving in this stuff is going to be slow.
A rat comes into view.
You enter the shallow water.
Moving in this stuff is going to be slow.
A rat comes into view.
You barely miss the rat.
Your tail-slap misses the rat.
You closely miss the rat. The rat bites you but does no damage.
The rat splashes around in the water. 2 rats come into view.
You spin and attack the rat.
You closely miss the rat. You tail-slap the rat.
You kill the rat!
The Council accepts your kill.
You hit the rat.
You kill the rat!
The Council accepts your kill.
You enter the shallow water.
Moving in this stuff is going to be slow.
You lunge at the rat.
Your unstable footing causes you to fumble your attack.
The rat closely misses you.
You see here a rat corpse.
You hit the rat.
The rat is heavily wounded.
The rat bites you but does no damage. The rat barely misses you.
You sock the rat!
You kill the rat!
The Council accepts your kill. The rat barely misses you.
You hit the rat but do no damage. The rat bites you but does no damage.
The rat splashes around in the water.
You hit the rat.
You kill the rat!
The Council accepts your kill.
You enter the shallow water.
Moving in this stuff is going to be slow.
The helpless rat fails to defend itself.
You hit the rat.
The rat is severely wounded.
The rat bites you.
You sock the rat!
You kill the rat!
The Council accepts your kill.
You see here a rat corpse.
You enter the shallow water.
Moving in this stuff is going to be slow.
You enter the shallow water.
Moving in this stuff is going to be slow. 2 rats come into view.
You closely miss the rat. The rat bites you.
You closely miss the rat. You block the rat's attack.
You sock the rat!
You kill the rat!
The Council accepts your kill.
You hit the rat.
You kill the rat!
The Council accepts your kill.
You enter the shallow water.
Moving in this stuff is going to be slow.
You see here a rat corpse.
You enter the shallow water.
Moving in this stuff is going to be slow.
You enter the shallow water.
Moving in this stuff is going to be slow.
You enter the shallow water.
Moving in this stuff is going to be slow.
You enter the shallow water.
Moving in this stuff is going to be slow.
You enter the shallow water.
Moving in this stuff is going to be slow.
Okay, then.
Unknown command.
You open the door.
A hell rat comes into view.
Found four items.
Found a gate leading back out of this place.
Found 25 gold pieces, a fizzy ruby potion and a potion of curing.
The hell rat roars deafeningly!
There is an open door here.
You lunge at the hell rat.
You thump the hell rat!
The hell rat is heavily wounded.
You block the hell rat's attack.
You hit the hell rat but do no damage.
Your tail-slap misses the hell rat.
The hell rat is heavily wounded.
The hell rat bites you!
You hit the hell rat but do no damage.
The hell rat is moderately wounded.
The hell rat misses you. The hell rat bites you!
You feel drained.
You sock the hell rat!
You kill the hell rat!
The Council accepts your kill.
You can now briefly move at supernatural speeds.
There is an open door here.
You enter the shallow water.
Moving in this stuff is going to be slow.
o - 2 potions of curing (gained 1)
You now have 138 gold pieces (gained 25).
A - 2 scrolls labelled DODDUR QOELUT (gained 1)
B - a metallic purple potion
m - 2 orange potions (gained 1)
C - a brown potion
There is a gate leading back out of this place here.
h - 2 fizzy ruby potions (gained 1)
You start resting.
HP restored.
Search for what [Enter for "wu ji", or ? for help]? sewer Unknown command.
There is a gate leading back out of this place here.
Welcome back to the Dungeon!
The worm splashes around in the water.
There is a collapsed entrance here.
You enter the shallow water.
Moving in this stuff is going to be slow.
You thump the worm!
The worm is heavily wounded.
You barely miss the worm. You tail-slap the worm.
The worm is severely wounded.
The worm bites you but does no damage.
You hit the worm.
You tail-slap the worm, but do no damage.
The worm is almost dead.
The worm closely misses you.
You barely miss the worm.
The worm is severely wounded.
The worm bites you but does no damage.
You sock the worm!
You kill the worm!
The Council accepts your kill.
You barely miss the worm.
Your tail-slap misses the worm.
You barely miss the worm. The worm completely misses you.
Aiming: Breathe Frost (5% risk of failure)
Press: ? - help, Shift-Dir - straight line, f - worm
Aim: a worm (89% to hit)
You exhale a wave of freezing cold.
The freezing breath hits the worm!
The worm is severely wounded.
The worm is blown backwards by the freezing wind.
The worm collides with the worm!
The worm is lightly wounded.
You kill the worm!
The Council accepts your kill.
The freezing breath hits the worm!
The worm is heavily wounded.
The worm is blown backwards by the freezing wind.
Unknown command.
You lunge at the worm, but your attack speed is too slow for a blow to land.
You block the worm's attack.
You hit the worm.
The worm is severely wounded.
The worm bites you.
You hit the worm but do no damage.
The worm is severely wounded.
You block the worm's attack.
You barely miss the worm.
The worm is severely wounded.
You sock the worm!
You kill the worm!
The Council accepts your kill.
HP restored.
p - 2 scrolls labelled XENAVO NECHERU (gained 1)
You have got your breath back.
An orc priest comes into view. It is wielding a +0 club.
The orc priest moves out of view.
Found a stone staircase leading up.
The water moccasin hisses angrily.
You lunge at the water moccasin, but your attack speed is too slow for a blow to land.
The water moccasin bites you.
The water moccasin bites you but does no damage.
You miss the water moccasin.
The water moccasin bites you but does no damage.
You miss the water moccasin. The water moccasin barely misses you.
The water moccasin closely misses you.
You closely miss the water moccasin.
Your tail-slap misses the water moccasin.
The water moccasin misses you. The water moccasin closely misses you.
You hit the water moccasin.
The water moccasin is lightly wounded.
The water moccasin bites you. The water moccasin closely misses you.
You hit the water moccasin.
The water moccasin is moderately wounded.
The water moccasin closely misses you. The water moccasin bites you.
You miss the water moccasin. You tail-slap the water moccasin.
The water moccasin is heavily wounded.
You block the water moccasin's attack. The water moccasin misses you.
You barely miss the water moccasin.
You tail-slap the water moccasin, but do no damage.
The water moccasin is heavily wounded.
You block the water moccasin's attack. The water moccasin closely misses you.
You hit the water moccasin.
The water moccasin is heavily wounded.
The water moccasin bites you.
You hit the water moccasin.
Your tail-slap misses the water moccasin.
The water moccasin is heavily wounded.
The water moccasin closely misses you. You block the water moccasin's attack.
You hit the water moccasin.
The water moccasin is severely wounded.
The water moccasin bites you. The water moccasin bites you!
You hit the water moccasin.
Your tail-slap misses the water moccasin.
The water moccasin is severely wounded.
The water moccasin barely misses you. The water moccasin bites you.
You barely miss the water moccasin. You tail-slap the water moccasin.
The water moccasin is almost dead.
The water moccasin barely misses you. The water moccasin bites you!
You closely miss the water moccasin.
You tail-slap the water moccasin, but do no damage.
The water moccasin is almost dead.
The water moccasin bites you.
You closely miss the water moccasin.
The water moccasin is almost dead.
The water moccasin bites you but does no damage.
You block the water moccasin's attack.
You closely miss the water moccasin.
Your tail-slap misses the water moccasin.
The water moccasin is almost dead.
You block the water moccasin's attack. The water moccasin bites you.
* * * LOW HITPOINT WARNING * * *
You miss the water moccasin.
The water moccasin is almost dead.
The water moccasin bites you.
* * * LOW HITPOINT WARNING * * *
The water moccasin bites you but does no damage.
You barely miss the water moccasin.
The water moccasin is almost dead.
The water moccasin barely misses you. The water moccasin bites you.
* * * LOW HITPOINT WARNING * * *
You hit the water moccasin.
The water moccasin is almost dead.
The water moccasin closely misses you.
The water moccasin bites you but does no damage.
You miss the water moccasin.
The water moccasin is almost dead.
The water moccasin closely misses you.
The water moccasin completely misses you.
You hit the water moccasin but do no damage.
The water moccasin is almost dead.
The water moccasin barely misses you.
You sock the water moccasin!
You kill the water moccasin!
The Council accepts your kill.
Your life force feels restored.
You have reached level 8!
You feel agile.
You start resting.
HP restored.
The orc shouts!
You hear a shout! x2
You enter the shallow water.
Moving in this stuff is going to be slow.
The orc misses you.
The orc priest shouts!
You sock the orc!
You kill the orc!
The Council accepts your kill.
You thump the orc!
You kill the orc!
The Council accepts your kill.
An orc comes into view. It is wielding a +0 whip.
The orc priest looks encouraged for a moment.
You lunge at the orc.
The orc shouts!
You sock the orc!
You kill the orc!
The Council accepts your kill.
Items here: )) [ ††.
You hit the orc priest.
The orc priest is moderately wounded.
The orc priest hits you with a +0 club.
You hit the orc priest.
The orc priest is heavily wounded.
The orc priest barely misses you. The orc hits you but does no damage.
The orc priest misses you.
You thump the orc priest!
You kill the orc priest!
The Council accepts your kill. The orc hits you but does no damage.
You spin and attack the orc.
You thump the orc!
You kill the orc!
The Council accepts your kill.
You see here a +0 club.
D - a wand of flame (14)
A centaur is nearby!
The centaur unwields a +0 shortbow.
The centaur hits you. You block the centaur's attack.
You sock the centaur!
Your tail-slap misses the centaur.
The centaur is moderately wounded.
The centaur hits you but does no damage.
The centaur misses you. The centaur hits you.
The centaur kicks you but does no damage.
You hit the centaur.
The centaur is heavily wounded.
The centaur hits you but does no damage.
The centaur kicks you but does no damage.
You block the centaur's attack.
The centaur kicks you but does no damage.
You hit the centaur.
The centaur is heavily wounded.
You block the centaur's attack.
The centaur kicks you but does no damage.
The centaur hits you but does no damage.
The centaur kicks you but does no damage.
You barely miss the centaur.
The centaur is heavily wounded.
The centaur barely misses you.
The centaur kicks you but does no damage.
The centaur closely misses you. x2
You hit the centaur but do no damage.
The centaur is heavily wounded.
The centaur hits you but does no damage.
The centaur misses you. The centaur barely misses you.
The centaur kicks you but does no damage.
You sock the centaur!
The centaur is almost dead.
The centaur hits you but does no damage.
You block the centaur's attack. The centaur misses you.
The centaur kicks you but does no damage.
You barely miss the centaur.
The centaur is almost dead.
The centaur barely misses you. You block the centaur's attack.
The centaur barely misses you.
The centaur kicks you but does no damage.
You hit the centaur.
You kill the centaur!
The Council accepts your kill.
Your Unarmed Combat skill increases to level 7!
j - 10 poisoned darts (gained 4)
You see here a +0 shortbow.
E - a +0 shortbow Unknown command.
Unknown command.
Your movement speed is average.
Your attack delay is about 1.3.
Your damage rating with your +0 quarterstaff is about 12 (Base 10 x 112% (Str) x 109% (Skill)).
Your base attributes are Str 15, Int 11, Dex 14.
Unknown command.
Unknown command.
You are now empty-handed.
Your movement speed is average.
Your attack delay is about 0.8.
Your damage rating with unarmed combat is about 12 (Base [3 + 7 (UC)] x 112% (Str) x 109% (Fight)).
Your base attributes are Str 15, Int 11, Dex 14.
Unknown command.
You drop a +0 quarterstaff.
You are a level 8 White Draconian Monk.
You are 14% of the way to level 9.
Play time: 00:15:00 (4863 turns).
Zot will find you in 25348 turns if you stay in this branch and explore no new floors.
Adjust (i)tems, (s)pells, or (a)bilities?
Huh?
You are already empty-handed.
You are already empty-handed.
Adjust to which letter? (? for menu, Esc to quit)
b - a +0 shortbow;
E - 4 scrolls labelled HELUCE JAXEOPN
b - a +0 shortbow (weapon)
You are now empty-handed.
b - a +0 shortbow (weapon)
Found a stone staircase leading down.
You open the gate.
The ogre shouts!
There are monsters nearby!
The quokka closely misses you.
The quokka twitches its whiskers.
The quokka attacks as you move away!
The quokka bites you but does no damage.
The quokka attacks as you move away! The quokka misses you.
The water moccasin hisses angrily.
The quokka bites you but does no damage.
The quokka attacks as you move away! The quokka barely misses you.
The quokka attacks as you move away! The quokka misses you.
The water moccasin attacks as you move away!
You block the water moccasin's attack.
The quokka bites you but does no damage.
The water moccasin attacks as you move away!
You block the water moccasin's attack.
The water moccasin completely misses you.
The water moccasin attacks as you move away!
The water moccasin barely misses you.
The water moccasin bites you but does no damage.
You are now empty-handed.
The water moccasin barely misses you.
Aiming: Breathe Frost (4% risk of failure)
Press: ? - help, Shift-Dir - straight line You exhale a wave of freezing cold.
The freezing breath hits the water moccasin!
The water moccasin is moderately wounded.
The water moccasin is blown backwards by the freezing wind.
The water moccasin collides with the quokka!
The quokka is moderately wounded.
The water moccasin is heavily wounded.
The freezing breath hits the quokka!
You kill the quokka!
The Council accepts your kill.
The freezing breath hits the ogre!
The ogre is moderately wounded.
The ogre is blown backwards by the freezing wind.
You punch the water moccasin!
The water moccasin is severely wounded.
The water moccasin barely misses you. x2
You closely miss the water moccasin.
Your tail-slap misses the water moccasin.
The water moccasin is severely wounded.
The water moccasin completely misses you.
You punch the water moccasin! You tail-slap the water moccasin.
You kill the water moccasin!
The Council accepts your kill.
Your Dodging skill increases to level 5!
Okay, then.
Your muscles tense, ready for explosive movement...
You lunge with incredible momentum at the ogre.
You punch the ogre! You tail-slap the ogre.
The ogre is almost dead.
You see here a water moccasin corpse.
You spin and attack the ogre, with incredible momentum.
You hit the ogre.
You blow up the ogre!
The Council accepts your kill.
Your supernatural speed expires.
Your Fighting skill increases to level 6!
You feel less exhausted.
You have got your breath back.
There is an open gate here.
There is an entrance to Vehux's Assorted Antiques here.
p - 3 scrolls labelled XENAVO NECHERU (gained 1) Thank you for shopping at Vehux's Assorted Antiques!
There is an open gate here.
You open the door.
There is an open door here.
There is a stone staircase leading down here.
Things that are here:
a +0 giant club; a quokka corpse You see here a water moccasin corpse.
There is an open door here.
There is a stone staircase leading up here.
Found a hand axe.
You see here a +0 hand axe.
Done exploring.
Done exploring.
Char dumped successfully.
You have 114 gold pieces.
Unknown command.
Unknown command.
Search for what [Enter for "sewer", or ? for help]? scroll
There is a stone staircase leading up here.
You climb upwards.
There is a stone staircase leading down here.
There is a stone staircase leading up here.
You climb upwards.
Level annotation: Grinder
There is a stone staircase leading down here.
There is a stone staircase leading up here.
You climb upwards.
There is a stone staircase leading down here.
There is a stone staircase leading up here.
You climb upwards.
There is a stone staircase leading down here.
There is an entrance to Xakuv's Assorted Antiques here.
r - 2 scrolls labelled GOLUNK UXZABLE (gained 1)
E - 5 scrolls labelled HELUCE JAXEOPN (gained 1)
E - 6 scrolls labelled HELUCE JAXEOPN (gained 1) Thank you for shopping at Xakuv's Assorted Antiques!
There is a stone staircase leading down here.
You climb downwards.
There is a stone staircase leading up here.
You see here 4 boomerangs.
i - 4 boomerangs Search for what [Enter for "scroll", or ? for help]? throw Unknown command.
There is a stone staircase leading down here.
You climb downwards.
Level annotation: Grinder
There is a stone staircase leading up here.
Partly explored, can't reach some places.
There is an open door here.
You see here a +0 dagger.
Things that are here:
7 stones; a +0 whip; a +0 dagger
There is a stone staircase leading down here.
You climb downwards.
There is a stone staircase leading up here.
Done exploring.
There is a stone staircase leading down here.
You climb downwards.
There is a stone staircase leading up here.
Done exploring.
There is a stone staircase leading down here.
You climb downwards.
Found a stone staircase leading down.
There is a stone staircase leading up here.
The gnoll shouts! x4; You hear an angry hiss.
You lunge at the gnoll.
You punch the gnoll!
The gnoll is severely wounded.
The gnoll hits you with a +0 flail!
You hit the gnoll.
Your tail-slap misses the gnoll.
The gnoll is severely wounded.
You punch the gnoll!
You kill the gnoll!
The Council accepts your kill. The gnoll attacks as you move away!
The gnoll hits you with a +0 whip.
There is a stone staircase leading up here.
The gnoll hits you with a +0 flail. The gnoll barely misses you.
The gnoll closely misses you.
You climb upwards.
There is a stone staircase leading down here.
You spin and attack the gnoll.
You barely miss the gnoll. The gnoll hits you with a +0 whip.
There is an open door here.
You hit the gnoll but do no damage. The gnoll barely misses you.
You closely miss the gnoll. You barely miss the gnoll.
The gnoll hits you with a +0 flail. You block the gnoll's attack.
You hit the gnoll.
Your tail-slap misses the gnoll.
The gnoll is moderately wounded.
The gnoll barely misses you. You block the gnoll's attack.
You hit the gnoll.
Your tail-slap misses the gnoll.
The gnoll is heavily wounded.
You hit the gnoll.
You kill the gnoll!
The Council accepts your kill. The gnoll misses you.
You hit the gnoll.
Your tail-slap misses the gnoll.
The gnoll is heavily wounded.
The gnoll hits you with a +0 flail!
You barely miss the gnoll.
The gnoll is heavily wounded.
You block the gnoll's attack.
You punch the gnoll!
You kill the gnoll!
The Council accepts your kill.
Things that are here:
a +0 flail; a gnoll corpse
There is an open door here.
Things that are here:
a +0 whip; a gnoll corpse
There is a stone staircase leading down here.
You start resting.
HP restored.
You climb downwards.
The phantom hits you. You block the phantom's attack.
There is a stone staircase leading up, spattered with blood here.
The phantom barely misses you.
You climb upwards.
There is a stone staircase leading down here.
You punch the phantom!
The phantom is moderately damaged.
The phantom hits you.
The phantom blinks!
You blink.
You hit the phantom but do no damage.
Your tail-slap misses the phantom.
The phantom is moderately damaged.
You hit the phantom but do no damage.
The phantom is moderately damaged.
The phantom hits you but does no damage.
You hit the phantom.
The phantom is moderately damaged.
You block the phantom's attack.
You miss the phantom.
The phantom is moderately damaged.
The phantom closely misses you.
You closely miss the phantom.
The phantom is moderately damaged.
The phantom closely misses you.
You punch the phantom!
The phantom is severely damaged.
You block the phantom's attack.
You punch the phantom!
Your tail-slap misses the phantom.
The phantom is almost destroyed.
You punch the phantom!
You destroy the phantom!
The Council accepts your kill.
No target in view!
There is an open gate here.
There is an open door here.
Things that are here:
a +0 whip; a gnoll corpse
There is a stone staircase leading down here.
You start resting.
HP restored.
You climb downwards.
There is a stone staircase leading up, spattered with blood here.
You lunge at the gnoll.
You punch the gnoll!
The gnoll is severely wounded.
You block the gnoll's attack.
You hit the gnoll.
You kill the gnoll!
The Council accepts your kill.
Found a fuming cyan potion.
Things that are here:
a +0 halberd; a gnoll corpse
There is a stone staircase leading down here.
g - 2 fuming cyan potions (gained 1)
l - 2 scrolls labelled QIOZUI KUUBEZEN (gained 1)
A bullfrog comes into view.
The bullfrog croaks.
You lunge at the bullfrog.
You punch the bullfrog!
The bullfrog is moderately wounded.
The bullfrog completely misses you.
You hit the bullfrog. You punch the bullfrog.
The bullfrog is almost dead.
The bullfrog hits you.
A jelly comes into view.
You punch the bullfrog!
You kill the bullfrog!
The Council accepts your kill.
Throw: 10 darts (poison)
Press: ? - help, Q - select action, (/) - cycle Shift-Dir - straight line, f - jelly
Aim: a jelly (90% to hit)
You throw a poisoned dart. The poisoned dart hits the jelly.
Throw: 9 darts (poison)
Press: ? - help, Q - select action, (/) - cycle Shift-Dir - straight line, f/p - jelly
Aim: a jelly (90% to hit)
You throw a poisoned dart.
The poisoned dart barely misses the jelly.
You lunge at the jelly.
You completely miss the jelly. The jelly hits you but does no damage.
You see here a bullfrog corpse.
You hit the jelly. The acid corrodes you!
Your hands burn!
The jelly is lightly wounded.
You punch the jelly! The acid corrodes you!
Your hands burn!
The jelly is severely wounded.
The jelly barely misses you.
You hit the jelly but do no damage.
Your hands burn!
You tail-slap the jelly.
The jelly is almost dead.
The jelly misses you.
You punch the jelly!
You kill the jelly!
The Council accepts your kill.
There is a stone staircase leading up, spattered with blood here.
You climb upwards.
There is a stone staircase leading down here.
You start resting.
You are no longer corroded.
You start resting.
HP restored.
You climb downwards.
There is a stone staircase leading up, spattered with blood here.
You see here a bullfrog corpse.
j - 9 poisoned darts (gained 1)
j - 10 poisoned darts (gained 1)
An iguana comes into view.
Found a pair of runed gloves.
The iguana moves out of view.
A hound comes into view.
You see here a scroll labelled WUMYFAW VEFRO.
Found 2 fuming clear potions.
An iguana comes into view.
You see here a +1 pair of gloves.
F - a +1 pair of gloves You start putting on your armour.
You continue putting on your +1 pair of gloves. x4
You finish putting on your +1 pair of gloves.
Found a hand axe.
Found a book of the Spheres.
Found an escape hatch in the floor.
You pick up a book of the Spheres and begin reading...
You add the spells Iskenderun's Battlesphere, Fireball, Conjure Ball Lightning and Orb of Destruction to your library.
You lunge at the iguana.
The helpless iguana fails to defend itself.
You punch the iguana! Your punch misses the iguana.
The iguana is almost dead.
The iguana bites you but does no damage.
You hit the iguana.
You kill the iguana!
The Council accepts your kill.
G - 2 fuming clear potions The hound barks!
You hit the hound.
The hound is moderately wounded.
The hound bites you.
You punch the hound!
The hound is almost dead.
The hound bites you. The hound closely misses you.
You hit the hound but do no damage.
The hound is almost dead.
The hound bites you but does no damage.
You punch the hound!
You kill the hound!
The Council accepts your kill.
HP restored.
d - 3 scrolls labelled WUMYFAW VEFRO (gained 1)
An acid dragon comes into view.
The iguana hisses angrily.
The teleport trap disappears.
The iguana disappears!
Found a scroll labelled NIWAWU JUVA.
Found 6 stones.
Found a scroll labelled GINKUI XEQU.
The acid dragon roars!
You lunge at the acid dragon, in a flurry of attacks.
You completely miss the acid dragon. Your punch misses the acid dragon.
You barely miss the acid dragon.
Your tail-slap misses the acid dragon.
The acid dragon misses you. The acid dragon barely misses you.
You hit the acid dragon.
The acid dragon is lightly wounded.
The acid dragon bites you but does no damage.
You block the acid dragon's attack.
You hit the acid dragon.
The acid dragon is lightly wounded.
The acid dragon bites you but does no damage.
The acid dragon claws you but does no damage.
You hit the acid dragon but do no damage.
The acid dragon is lightly wounded.
You hit the acid dragon but do no damage.
You tail-slap the acid dragon, but do no damage.
The acid dragon is lightly wounded.
The acid dragon closely misses you. x2
You punch the acid dragon! You tail-slap the acid dragon.
The acid dragon is heavily wounded.
You block the acid dragon's attack. The acid dragon closely misses you.
You punch the acid dragon!
The acid dragon is severely wounded.
The acid dragon spits acid at you. The splash of acid misses you.
You hear a shout!
You hit the acid dragon.
Your tail-slap misses the acid dragon.
The acid dragon is almost dead.
The acid dragon barely misses you. You block the acid dragon's attack.
You hit the acid dragon.
The acid dragon is almost dead.
You block the acid dragon's attack.
The acid dragon claws you but does no damage.
You hit the acid dragon but do no damage.
Your tail-slap misses the acid dragon.
The acid dragon is almost dead.
The acid dragon spits acid at you. The splash of acid hits you!!
The acid corrodes you!
You completely miss the acid dragon.
The acid dragon is almost dead.
An ufetubus comes into view.
You hit the acid dragon but do no damage.
The acid dragon is almost dead.
The acid dragon bites you. The acid dragon claws you.
You hit the acid dragon but do no damage.
You tail-slap the acid dragon, but do no damage.
The acid dragon is almost dead.
The acid dragon misses you.
The acid dragon claws you but does no damage.
You hit the acid dragon but do no damage.
The acid dragon is almost dead.
The acid dragon bites you! The acid dragon claws you.
You barely miss the acid dragon.
The acid dragon is almost dead.
The acid dragon bites you! The acid dragon misses you.
You closely miss the acid dragon.
The acid dragon is almost dead.
The ufetubus closely misses you. The ufetubus completely misses you.
The acid dragon spits acid at you. The splash of acid hits you!!
You die...

Skill      XL: |  1  2  3  4  5  6  7  8 |
---------------+-------------------------+-----
Stealth        | 2 3 4 |  4.0
Dodging        | 3 4 5 |  5.4
Unarmed Combat | 4 5 6 7 |  7.9
Fighting       | 4 5 6 |  6.4

Action                   |  1- 3 |  4- 6 |  7- 9 || total
-------------------------+-------+-------+-------++-------
Melee: Unarmed           |    57 |       |    60 ||   117
       Quarterstaff      |    27 |   196 |   165 ||   388
       Tailslap          |    10 |    22 |    22 ||    54
       Punch             |       |       |     1 ||     1
Throw: Dart              |       |    12 |     2 ||    14
Invok: Lunge             |       |     2 |    19 ||    21
       Whirlwind         |       |     2 |     5 ||     7
       Serpent's Lash    |       |       |     1 ||     1
 Abil: Breathe Frost     |       |       |     5 ||     5
  Use: Potion            |       |       |     1 ||     1
 Stab: Sleeping          |     7 |     9 |     6 ||    22
       Distracted        |       |       |     1 ||     1
Armor: Skin              |    20 |    49 |    68 ||   137
Dodge: Dodged            |    48 |   135 |   151 ||   334
Block: Other             |       |    25 |    60 ||    85

Levels and vault maps discovered:
D:1:      shiori_arrival_whats_in_store_for_you, layout_rooms, serial_shops,
          shop, shapermc_ecumenical_altar_gd, minmay_tetromino_s2
D:2:      layout_rooms, serial_glass, glass_columns_a, glass_columns_c,
          basic_altar, corexii_hall_statues_u, st_stairs_8, uniq_jessica
D:3:      minmay_wonky_spiral, layout_basic,
          nicolae_overflow_hallway_of_the_gods, serial_shops, shop, st_stairs_1,
          chequers_serial_rivers_room_a, grunt_ministairs_4, uniq_grinder
D:4:      layout_basic, lemuel_crystal_altar, minmay_temple_entry_sparse_star,
          serial_shops, shop, minmay_distorted, uniq_natasha, uniq_robin
D:5:      layout_basic, cheibrodos_sewer_entry_bend,
          chequers_serial_rivers_small_b, amcnicky_mini_pool_small,
          kennysheep_windowed_goal
D:6:      minmay_inner_zag, layout_cave_pools, nicolae_zen_rock_garden,
          minivault_24, chequers_serial_rivers_micro_c
Temple:   minmay_temple_bridge_abc

Notes
Turn   | Place    | Note
-------+----------+-------------------------------------------
     0 | D:1      | scionoferis the Draconian Monk began the quest for the Orb.
     0 | D:1      | Reached XP level 1. HP: 19/19 MP: 1/1
     0 | D:1      | Noticed a tentacled monstrosity
     0 | D:1      | Noticed an ice dragon
     1 | D:1      | Noticed an orb of fire
     3 | D:1      | Noticed an iron dragon
     3 | D:1      | Noticed a shadow dragon
     5 | D:1      | Noticed an ice dragon
     6 | D:1      | Noticed a shadow dragon
     9 | D:1      | Noticed an iron dragon
    11 | D:1      | Noticed an iron dragon
    11 | D:1      | Noticed an iron dragon
    13 | D:1      | Noticed a green draconian
    17 | D:1      | Noticed an iron dragon
    17 | D:1      | Noticed a green draconian
    19 | D:1      | Noticed an ice dragon
    19 | D:1      | Noticed a green draconian
    31 | D:1      | Noticed a tentacled monstrosity
    87 | D:1      | Reached skill level 2 in Stealth
   181 | D:1      | Reached XP level 2. HP: 26/26 MP: 2/2
   191 | D:1      | Found Xakuv's Assorted Antiques.
   211 | D:1      | Found a faded altar of an unknown god.
   751 | D:2      | Reached XP level 3. HP: 28/31 MP: 3/3
   792 | D:2      | Noticed Jessica
   797 | D:2      | Killed Jessica
   798 | D:2      | Reached skill level 3 in Dodging
   896 | D:2      | Found a glowing silver altar of Zin.
   916 | D:2      | Reached XP level 4. HP: 40/40 MP: 4/4
  1400 | D:3      | Reached skill level 3 in Stealth
  1589 | D:3      | Noticed Grinder
  1622 | D:3      | Noticed an ogre
  1863 | D:2      | Reached skill level 4 in Unarmed Combat
  1863 | D:2      | Reached XP level 5. HP: 18/46 MP: 5/5
  2268 | D:3      | Reached skill level 4 in Fighting
  2321 | D:1      | Bought a scintillating silver amulet for 135 gold pieces
  2321 | D:1      | Identified the amulet "Ameathun" {Reflect rPois Dex+5 SH+5
                  | Stlth+} (You bought it in a shop on level 1 of the Dungeon)
  2382 | D:3      | Found a sacrificial altar of Ru.
  2409 | D:3      | Killed an ogre
  2484 | D:3      | Found Abboff's Jewellery Shoppe.
  2535 | D:3      | Found a burning altar of Makhleb.
  2538 | D:3      | Found a hide-covered altar of Uskayaw.
  2538 | D:3      | Found an ancient bone altar of Kikubaaqudgha.
  2545 | D:3      | Found a shadowy altar of Dithmenos.
  2778 | D:4      | Reached skill level 4 in Stealth
  2778 | D:4      | Reached XP level 6. HP: 52/52 MP: 6/6
  2818 | D:4      | Found a staircase to the Ecumenical Temple.
  2891 | D:4      | Noticed Robin
  2946 | D:4      | Killed Robin
  2978 | Temple   | Entered the Ecumenical Temple
  3152 | Temple   | Became a worshipper of the Wu Jian Council
  3152 | Temple   | Reached * piety under Wu Jian
  3152 | Temple   | Reached ** piety under Wu Jian
  3212 | D:4      | Found Viofoha's Assorted Antiques.
  3218 | D:4      | Noticed Natasha
  3226 | D:4      | Killed Natasha
  3227 | D:4      | Reached skill level 5 in Unarmed Combat
  3592 | D:4      | Found a shimmering blue altar of Sif Muna.
  3594 | D:4      | Noticed Natasha
  3602 | D:4      | Reached skill level 4 in Dodging
  3602 | D:4      | Your scales start taking on an icy white colour.
  3602 | D:4      | Reached XP level 7. HP: 57/60 MP: 7/7
  3602 | D:4      | Gained mutation: Your flesh is cold resistant. (rC+) [White
                  | Draconian growth]
  3613 | D:4      | Killed Natasha
  3807 | D:4      | Noticed Natasha
  3816 | D:4      | Killed Natasha
  3931 | D:5      | Entered Level 5 of the Dungeon
  3931 | D:5      | Noticed a steam dragon
  3943 | D:5      | Killed a steam dragon
  3944 | D:5      | Reached skill level 5 in Fighting
  4154 | D:5      | Found Vehux's Assorted Antiques.
  4177 | D:5      | Reached skill level 6 in Unarmed Combat
  4377 | D:5      | Found a glowing drain.
  4387 | Sewer    | Entered a sewer
  4463 | Sewer    | Reached *** piety under Wu Jian
  4600 | D:5      | Reached XP level 8. HP: 13/69 MP: 8/8
  4858 | D:5      | Reached skill level 7 in Unarmed Combat
  5007 | D:5      | Reached skill level 5 in Dodging
  5008 | D:5      | Reached skill level 6 in Fighting
  5027 | D:5      | Bought a scroll labelled XENAVO NECHERU for 24 gold pieces
  5290 | D:1      | Bought a scroll labelled GOLUNK UXZABLE for 27 gold pieces
  5290 | D:1      | Bought a scroll labelled HELUCE JAXEOPN for 27 gold pieces
  5290 | D:1      | Bought a scroll labelled HELUCE JAXEOPN for 27 gold pieces
  5769 | D:6      | Killed from afar by an acid dragon

Vanquished Creatures
  A steam dragon (D:5)
  2 water moccasins (D:5)
  2 ogres (D:3 D:5)
  A centaur (D:5)
  A phantom (D:5)
  A bullfrog (D:6)
  A gnoll sergeant (D:5)
  2 scorpions (D:4)
  3 orc priests (D:2 D:4 D:5)
  3 hounds (D:4 D:5 D:6)
  A jelly (D:6)
  An iguana (D:6)
  Jessica (D:2)
  Natasha (thrice) (D:4)
  A hell rat (Sewer)
  Robin (D:4)
  11 gnolls (D:5 D:6)
  8 adders (D:2 D:3 D:4 D:5)
  An ufetubus (D:4)
  A dart slug (D:3)
  9 worms (D:2 D:3 D:4 D:5)
  12 orcs (D:2 D:3 D:4 D:5)
  9 ball pythons (D:1 D:2 D:3 D:4)
  4 bats (D:1 D:2 D:3)
  4 endoplasms (D:1 D:3 D:4)
  5 giant cockroaches (D:1 D:2 D:4)
  13 goblins (D:2 D:3 D:4)
  7 hobgoblins (D:2 D:3 D:4)
  2 jackals (D:1)
  11 kobolds (D:1 D:2 D:3 D:4)
  2 quokkas (D:3 D:5)
  3 frilled lizards (D:1 D:2)
  15 rats (D:1 D:2 D:3 Sewer)
142 creatures vanquished.

Vanquished Creatures (others)
  A fungus (D:1)
1 creature vanquished.

Grand Total: 143 creatures vanquished

Table legend: (Time is in decaauts)
 A = Elapsed time spent in this place.
 B = Non-inter-level travel time spent in this place.
 C = Inter-level travel time spent in this place.
 D = Time resting spent in this place.
 E = Time spent auto-exploring this place.
 F = Levels seen in this place.
 G = Mean time per level.
                   A        B        C        D        E       F      G
               +--------+--------+--------+--------+--------+-----+--------+
         Total |   5899 |   5438 |    461 |    928 |   2727 |   8 |  737.4 |
       Dungeon |   5554 |   5117 |    437 |    892 |   2557 |   6 |  925.7 |
        Temple |    197 |    173 |     24 |      0 |    167 |   1 |  197.0 |
         Sewer |    147 |    147 |      0 |     36 |      3 |   1 |  147.0 |
               +--------+--------+--------+--------+--------+-----+--------+

Top non-repeatable levels by time:
     D:4: 1236 daAuts
     D:5: 1234 daAuts
     D:3: 1147 daAuts
     D:2: 1069 daAuts
     D:1: 682 daAuts
  Temple: 197 daAuts
     D:6: 184 daAuts
   Sewer: 147 daAuts

Table legend:
 A = Non-vault XP
 B = Vault XP
 C = Vault XP percentage of total XP
 D = Non-vault monster count
 E = Vault monster count
 F = Vault count percentage of total count
                 A         B        C        D         E       F
            +---------+---------+-------+---------+---------+-------
      Total |    1806 |     466 |  20.5 |     106 |      36 |  25.4
            +---------+---------+-------+---------+---------+-------
        D:1 |      27 |       1 |   3.6 |      17 |       1 |   5.6
        D:2 |      93 |      39 |  29.5 |      19 |       2 |   9.5
        D:3 |     191 |      12 |   5.9 |      20 |       5 |  20.0
        D:4 |     372 |      88 |  19.1 |      21 |      14 |  40.0
        D:5 |     885 |     286 |  24.4 |      23 |       6 |  20.7
        D:6 |     238 |       0 |   0.0 |       6 |       0 |   0.0
      Sewer |       0 |      40 | 100.0 |       0 |       8 | 100.0
            +---------+---------+-------+---------+---------+-------
